 Dungeon Crawl Stone Soup version 0.26-a0-466-g989023bd0d (webtiles) character file.

Game seed: 213750216776362924

626 KristoblXynda the Cudgeler (level 7, -2/44 HPs)
             Began as a Gargoyle Gladiator on July 30, 2020.
             Was an Initiate of Okawaru.
             Slain by a mummy (10 damage)
             ... in an ossuary.
             The game lasted 00:07:32 (4771 turns).

KristoblXynda the Cudgeler (Gargoyle Gladiator)     Turns: 4771, Time: 00:07:33

Health: -2/44      AC: 10    Str: 18    XL:     7   Next: 47%
Magic:  7/7        EV: 11    Int:  6    God:    Okawaru [......]
Gold:   248        SH:  4    Dex: 11    Spells: 6/6 levels left

rFire    . . .     SeeInvis .   a - +0 flail
rCold    . . .     Faith    .   g - +0 buckler
rNeg     + . .     Spirit   .   h - +0 ring mail
rPois    ∞         Reflect  .   c - +1 helmet
rElec    +         Harm     .   (no cloak)
rCorr    .                      (no gloves)
MR       .....                  m - +0 pair of boots
Stlth    +.........             (no amulet)
HPRegen  0.14/turn              t - -4 ring of intelligence (curse)
MPRegen  0.10/turn              f - -4 ring of protection (curse)

@: no status effects
A: negative energy resistance 1, electricity resistance, unbreathing,
petrification resistance, rot immunity, AC +4
a: Renounce Religion


You were in an ossuary.
You worshipped Okawaru.
Okawaru was noncommittal.
You visited 2 branches of the dungeon, and saw 6 of its levels.
You also visited: Sewer and Ossuary.

You collected 248 gold pieces.

Inventory:

Hand Weapons
 a - a +0 flail (weapon)
Missiles
 d - 3 throwing nets (quivered)
Armour
 c - a +1 helmet (worn)
 g - a +0 buckler (worn)
 h - a +0 ring mail (worn)
 m - a +0 pair of boots (worn)
Jewellery
 e - an uncursed ring of positive energy
 f - a cursed -4 ring of protection (right hand)
 t - a cursed -4 ring of intelligence (left hand)
Wands
 p - a wand of disintegration (11)
Scrolls
 b - 3 scrolls of teleportation
 j - a scroll of fog
 k - a scroll of fear
 n - a scroll of blinking
 r - 2 scrolls of amnesia
 s - 2 scrolls of enchant weapon {unknown}
Potions
 i - a potion of brilliance {unknown}
 l - a potion of degeneration {unknown}
 o - a potion of haste
 q - a potion of magic
 u - a potion of mutation


   Skills:
 + Level 4.7 Fighting
 + Level 4.9 Maces & Flails
 - Level 1.7 Throwing
 + Level 4.0 Armour
 - Level 3.0 Dodging
 + Level 3.1 Shields


You had 6 spell levels left.
You didn't know any spells.
Your spell library was empty.

Dungeon Overview and Level Annotations

Branches:
Dungeon (5/15)             Temple (1/1) D:4           Sewer (visited)
Ossuary (1/1)

Altars:
Cheibriados
Dithmenos
Elyvilon
Gozag
Hepliaklqana
Okawaru
Qazlal
Ru
Sif Muna
Trog
Uskayaw
Wu Jian
Xom
Yredelemnul
Zin


Innate Abilities, Weirdness & Mutations

You are resistant to torment.
Your stone body is resilient. (AC +4)
You are immune to poison.
You resist negative energy. (rN+)
You are resistant to electric shocks. (rElec)
You can survive without breathing.
You are immune to petrification.
You are immune to rotting.


Message History

You block the mummy's attack.
You hit the mummy.
The mummy is moderately damaged.
You block the mummy's attack.
Throwing (i - inventory)
d - 4 throwing nets (quivered)
Press: ? - help, Shift-Dir - straight line, f - mummy
Aim: a mummy (moderately damaged)
You throw a throwing net. The throwing net hits the mummy.
The mummy is caught in the net!
The mummy is moderately damaged.
You thump the mummy!
You destroy the mummy!
Okawaru accepts your kill.
You sock the mummy!
The mummy is moderately damaged.
The mummy hits you but does no damage.
You barely miss the mummy.
The mummy is moderately damaged.
The mummy hits you!
You die...

##.....##
##......^##
#.........#
+....⌠....+
#.........#
##^......##
##..M..##
###M### #@#
##.## #.∩.#
#.∩.# #####


You could see 2 mummies.

Vanquished Creatures
  3 bullfrogs
  A howler monkey (D:5)
  An orc wizard (D:3)
  A bullfrog skeleton (D:4)
  2 orc priests
  Jessica (D:2)
  Natasha (thrice) (D:2)
  2 mummies (Ossuary)
  7 adders
  An ooze (D:1)
  An adder skeleton (D:5)
  A worm (D:3)
  5 leopard geckos
  8 orcs
  4 ball pythons (Sewer)
  7 giant cockroaches
  3 goblins (D:2)
  5 hobgoblins
  3 jackals (D:5)
  2 quokkas (D:3)
  6 bats
  11 frilled lizards
  6 kobolds
  7 rats
91 creatures vanquished.

Notes
Turn   | Place    | Note
-------+----------+-------------------------------------------
     0 | D:1      | KristoblXynda the Gargoyle Gladiator began the quest for
                  | the Orb.
     0 | D:1      | Reached XP level 1. HP: 12/12 MP: 1/1
   311 | D:1      | Reached XP level 2. HP: 18/18 MP: 2/2
   604 | D:2      | Found a faded altar of an unknown god.
   661 | D:2      | Reached skill level 1 in Armour
   694 | D:2      | Reached XP level 3. HP: 17/22 MP: 3/3
   905 | D:2      | Noticed Natasha
   927 | D:2      | Killed Natasha
   927 | D:2      | Reached XP level 4. HP: 12/27 MP: 4/4
  1199 | D:2      | Noticed Jessica
  1205 | D:2      | Killed Jessica
  1274 | D:2      | Noticed Natasha
  1283 | D:2      | Killed Natasha
  1283 | D:2      | Reached XP level 5. HP: 28/32 MP: 5/5
  1297 | D:2      | Noticed Natasha
  1304 | D:2      | Killed Natasha
  1399 | D:2      | Found a hazy altar of Hepliaklqana.
  1414 | D:2      | Found a shimmering altar of Xom.
  1536 | D:2      | Found a hide-covered altar of Uskayaw.
  1549 | D:2      | Found a shimmering blue altar of Sif Muna.
  1669 | D:3      | Reached skill level 1 in Shields
  1690 | D:3      | Found a glowing drain.
  1713 | Sewer    | Entered a sewer
  2036 | Sewer    | Reached XP level 6. HP: 20/38 MP: 6/6
  3349 | D:4      | Found a snail-covered altar of Cheibriados.
  3357 | D:4      | Reached XP level 7. HP: 36/44 MP: 7/7
  3626 | D:4      | Found a bloodstained altar of Trog.
  3860 | D:4      | Found a staircase to the Ecumenical Temple.
  3882 | Temple   | Entered the Ecumenical Temple
  3922 | Temple   | Became a worshipper of Warmaster Okawaru
  4181 | D:4      | Found a shimmering altar of Xom.
  4181 | D:4      | Found a shimmering altar of Xom.
  4185 | D:4      | Found a shimmering altar of Xom.
  4185 | D:4      | Found a shimmering altar of Xom.
  4185 | D:4      | Found a shimmering altar of Xom.
  4194 | D:4      | Found a shimmering altar of Xom.
  4194 | D:4      | Found a shimmering altar of Xom.
  4375 | D:5      | Entered Level 5 of the Dungeon
  4719 | D:5      | Found a sand-covered staircase.
  4726 | Ossuary  | Entered an ossuary
  4771 | Ossuary  | Slain by a mummy

Illustrated notes

Levels and vault maps discovered:
D:1:      dpeg_arrival_refuge, layout_basic
D:2:      layout_rooms, nicolae_overflow_quartered_altars,
          chequers_ecumenical_altar_simple_redux, uniq_natasha, uniq_jessica
D:3:      layout_rooms, portal_sewer_entry_b
D:4:      layout_basic, nicolae_overflow_crystal_walls,
          overflow_temple_1_default, minmay_temple_entry_stoned_glass,
          nicolae_xom_altar_mimics
D:5:      layout_loops_corners, nemelex_xobeh_ov_fountains_minmay,
          enter_ossuary_4, kennysheep_generic_room_13
Temple:   compressed_dpeg_triangle_lava_temple
Ossuary:  ossuary_crypta

Skill      XL: |  1  2  3  4  5  6  7 |
---------------+----------------------+-----
Armour         | 1 2 3 4 |  4.0
Fighting       | 3 4 |  4.7
Dodging        | 3 |  3.0
Shields        | 1 2 3 |  3.1
Maces & Flails | 4 |  4.9
Throwing       | |  1.7

Action                   |  1- 3 |  4- 6 |  7- 9 || total
-------------------------+-------+-------+-------++-------
Melee: Flail             |   106 |   183 |    99 ||   388
Throw: Throwing net      |       |       |     1 ||     1
  Use: Potion            |     1 |     5 |       ||     6
       Scroll            |       |    10 |     1 ||    11
Armor: Leather armour    |    11 |       |       ||    11
       Ring mail         |    74 |   106 |    37 ||   217
Dodge: Dodged            |   116 |   139 |    50 ||   305
Block: Buckler           |       |    26 |    19 ||    45

Table legend: (Time is in decaauts)
 A = Elapsed time spent in this place.
 B = Non-inter-level travel time spent in this place.
 C = Inter-level travel time spent in this place.
 D = Time resting spent in this place.
 E = Time spent auto-exploring this place.
 F = Levels seen in this place.
 G = Mean time per level.
                   A        B        C        D        E       F      G
               +--------+--------+--------+--------+--------+-----+--------+
         Total |   4931 |   4834 |     97 |    933 |   2440 |   8 |  616.4 |
       Dungeon |   3699 |   3603 |     96 |    452 |   2164 |   5 |  739.8 |
        Temple |    296 |    295 |      1 |      0 |    252 |   1 |  296.0 |
         Sewer |    888 |    888 |      0 |    481 |     24 |   1 |  888.0 |
       Ossuary |     47 |     47 |      0 |      0 |      0 |   1 |   47.0 |
               +--------+--------+--------+--------+--------+-----+--------+

Top non-repeatable levels by time:
     D:2: 1097 daAuts
   Sewer: 888 daAuts
     D:3: 821 daAuts
     D:4: 819 daAuts
     D:1: 606 daAuts
     D:5: 354 daAuts
  Temple: 296 daAuts
 Ossuary: 47 daAuts
